 Dungeon Crawl Stone Soup version 0.25.1-2-g60ff931df9 (webtiles) character file.

Game seed: 2962932727132814589

18591 Johnny the Geomancer (level 12, -4/81 HPs)
             Began as a Demigod Earth Elementalist on Oct 20, 2020.
             Slain by a manticore (21 damage)
             ... on level 13 of the Dungeon.
             The game lasted 00:18:44 (14423 turns).

Johnny the Geomancer (Demigod Earth Elementalist)  Turns: 14423, Time: 00:18:44

Health: -4/81      AC:  6    Str: 11    XL:     12   Next: 2%
Magic:  2/30       EV: 12    Int: 27    God:
Gold:   773        SH:  0    Dex: 16    Spells: 12/31 levels left

rFire    . . .     SeeInvis .   e - staff of earth
rCold    . . .     Gourm    .   (no shield)
rNeg     . . .     Faith    .   t - +0 troll leather armour {Purgy}
rPois    .         Spirit   .   y - +0 helmet
rElec    .         Reflect  .   (no cloak)
rCorr    .         Harm     .   (no gloves)
MR       ++...                  H - +0 pair of boots
Stlth    ++........             M - amulet of the acrobat
HPRegen  0.63/turn              i - ring of protection from magic
MPRegen  0.22/turn              x - ring of wizardry

@: about to teleport
A: high mp 1
a: no special abilities


You were on level 13 of the Dungeon.
You were very hungry.

You visited 1 branch of the dungeon, and saw 13 of its levels.
You also visited: Sewer.

You collected 798 gold pieces.
You spent 25 gold pieces at shops.

Inventory:

Missiles
 b - 133 stones (quivered)
Armour
 t - a +0 troll leather armour (worn) {Purgy}
 y - a +0 helmet (worn)
 H - a +0 pair of boots (worn)
Magical Staves
 e - an uncursed staff of earth (weapon)
 G - an uncursed staff of fire {unknown}
Jewellery
 c - an uncursed ring of positive energy
 i - a ring of protection from magic (left hand)
 n - an uncursed amulet of reflection
 x - a ring of wizardry (right hand)
 D - an uncursed ring of ice
 M - an amulet of the acrobat (around neck)
Wands
 E - a wand of disintegration (16)
 I - a wand of flame (21)
 K - a wand of polymorph (27)
Scrolls
 a - 10 scrolls of remove curse
 f - 2 scrolls of immolation {unknown}
 g - 3 scrolls of noise {unknown}
 h - a scroll of holy word {unknown}
 k - 4 scrolls of teleportation
 o - 5 scrolls of enchant weapon {unknown}
 p - 5 scrolls of amnesia {unknown}
 s - 3 scrolls of random uselessness {unknown}
 u - 2 scrolls of fog {unknown}
 C - 3 scrolls of blinking {unknown}
 F - 2 scrolls of enchant armour {unknown}
 J - a scroll of vulnerability {unknown}
 O - 3 scrolls of torment {unknown}
Potions
 j - 3 potions of ambrosia
 l - a potion of flight
 m - 2 potions of stabbing {unknown}
 q - a potion of haste
 r - 2 potions of degeneration {unknown}
 v - 2 potions of berserk rage
 w - a potion of invisibility
 z - 2 potions of mutation
 A - 4 potions of curing
 B - 2 potions of might {unknown}
Comestibles
 d - 21 rations
 L - 2 chunks of flesh


   Skills:
 - Level 1.7 Dodging
 - Level 1.7 Stealth
 + Level 10.2 Spellcasting
 - Level 0.8 Transmutations
 * Level 14.8 Earth Magic


You had 12 spell levels left.
You knew the following spells:

 Your Spells              Type           Power        Failure   Level  Hunger
a - Sandblast             Erth           ######       0%          1    None
b - Stone Arrow           Conj/Erth      ######       1%          3    None
c - Lee's Rapid Deconstr  Erth           #######...   1%          5    ####...
d - Petrify               Tmut/Erth      ######..     1%          4    None
f - Iron Shot             Conj/Erth      ######....   16%         6    #####..

Your spell library contained the following spells:

 Spells                   Type           Power        Failure   Level  Hunger
 Passwall                 Tmut/Erth      ######..     1%          2    None
 Bolt of Magma            Conj/Fire/Erth ######....   9%          5    ####...
 Iskenderun's Battlesphe  Conj/Chrm      ##......     50%         5    ####...
 Orb of Destruction       Conj           ##........   100%        7    #######
 Spellforged Servitor     Conj/Summ      ##........   100%        7    #######


Dungeon Overview and Level Annotations

Branches:
Dungeon (13/15)            Temple (0/1) D:6            Lair (0/6) D:10
    Orc (0/2) D:9           Sewer (visited)
 Vaults: D:13-14

Shops:
D:8 ((%


Innate Abilities, Weirdness & Mutations

You have an increased reservoir of magic. (+10% MP)


Message History

You feel much better. The manticore barely misses you.
The manticore claws you but does no damage.
The manticore claws you.
Unknown command.
Evoke which item? (* to show all) (? for menu, Esc to quit)
Aiming: Corrosive Bolt
Press: ? - help, Shift-Dir - straight line, f/p - manticore
Aim: a manticore (heavily wounded)
The bolt of acid misses the manticore.
The now-empty wand crumbles to dust.
The manticore bites you!!
* * * LOW HITPOINT WARNING * * *
The manticore barely misses you. The manticore claws you.
* * * LOW HITPOINT WARNING * * *
Unknown command.
Unknown command.
Evoke which item? (* to show all) (? for menu, Esc to quit)
Okay, then.
As you read the scroll of teleportation, it crumbles to dust.
You feel strangely unstable. The manticore bites you!!
You die...

. ..#############
..............
............# .
............# u.
............# ...
#........H@....#
....
#.......#'####.#
..... #.......#.
#.#####......
#.......#.
#............
#.......#.
#...♣♣♣♣♣♣♣..
#.......######..♣♣
#...............♣
#......<..))....♣
+......t.####+#♣♣


You could see a manticore.

Vanquished Creatures
  An ettin (D:12)
  Erica (D:8)
  A two-headed ogre (D:11)
  A hydra (D:13)
  The ghost of patan the Grappler, a novice TrFi (D:5)
  2 unseen horrors
  An orange crystal statue (D:9)
  A wolf spider (D:12)
  An ugly thing (D:12)
  2 manticores (D:12)
  2 cyclopes (D:11)
  A gargoyle (D:12)
  A komodo dragon (D:10)
  A kobold demonologist (D:12)
  A queen bee (D:9)
  3 meliai (D:13)
  A hornet (D:12)
  A troll (D:10)
  2 hippogriffs
  2 wyverns
  6 yaks (D:9)
  2 hungry ghosts
  6 orc warriors
  Purgy (Sewer)
  4 ice beasts
  8 sky beasts
  3 black bears
  2 phantoms
  3 centaurs
  8 ogres
  2 crocodiles
  Blork the orc (D:4)
  10 bullfrogs
  A gnoll sergeant (D:9)
  4 scorpions
  27 killer bees
  3 wights (D:8)
  6 howler monkeys
  3 electric eels (D:10)
  A crimson imp (D:10)
  3 bullfrog zombies
  A quasit (D:6)
  A bullfrog skeleton (D:6)
  3 centaur skeletons
  11 hounds
  6 jellies
  2 orc priests
  2 iguanas
  7 orc wizards
  5 worker ants
  A hound zombie (D:10)
  A human simulacrum (D:10)
  A howler monkey zombie (D:10)
  2 worker ant zombies
  12 gnolls
  15 adders
  5 shadow imps
  An ooze (D:1)
  2 adder zombies
  2 worms (D:2)
  3 dart slugs
  8 leopard geckos
  40 orcs
  9 giant cockroaches
  4 goblins
  9 hobgoblins
  13 jackals
  10 kobolds
  A quokka (D:4)
  2 ball pythons (D:3)
  16 bats
  2 frilled lizards
  A jackal skeleton (D:4)
  A quokka skeleton (D:4)
  A quokka zombie (D:7)
  10 rats
  A plant (D:10)
342 creatures vanquished.

Vanquished Creatures (others)
  A human simulacrum (D:10)
  2 fungi (D:13)
  3 plants
6 creatures vanquished.

Grand Total: 348 creatures vanquished

Notes
Turn   | Place    | Note
-------+----------+-------------------------------------------
     0 | D:1      | Johnny the Demigod Earth Elementalist began the quest for
                  | the Orb.
     0 | D:1      | Reached XP level 1. HP: 14/14 MP: 5/5
    43 | D:1      | Reached skill level 3 in Earth Magic
   307 | D:1      | Reached XP level 2. HP: 10/20 MP: 4/7
  1765 | D:2      | Reached XP level 3. HP: 26/26 MP: 5/9
  2272 | D:2      | Reached skill level 4 in Earth Magic
  2408 | D:2      | Reached XP level 4. HP: 33/33 MP: 6/10
  3740 | D:3      | Found a faded altar of an unknown god.
  3745 | D:3      | Found a glowing drain.
  3764 | Sewer    | Entered a sewer
  3833 | Sewer    | Noticed Purgy
  3841 | Sewer    | Killed Purgy
  3841 | Sewer    | Reached skill level 5 in Earth Magic
  3841 | Sewer    | Reached XP level 5. HP: 38/38 MP: 8/12
  4475 | D:4      | Reached XP level 6. HP: 39/45 MP: 12/14
  4566 | D:4      | Reached skill level 6 in Earth Magic
  4609 | D:4      | Noticed Blork the orc
  4617 | D:4      | Killed Blork the orc
  4716 | D:4      | Reached XP level 7. HP: 38/50 MP: 14/16
  5028 | D:4      | Found a radiant altar of Vehumet.
  5028 | D:4      | Found a hide-covered altar of Uskayaw.
  5033 | D:4      | Found a sacrificial altar of Ru.
  5035 | D:4      | Found a bloodstained altar of Trog.
  5036 | D:4      | Found a shimmering altar of Xom.
  5127 | D:5      | Entered Level 5 of the Dungeon
  5134 | D:4      | Reached skill level 7 in Earth Magic
  5222 | D:5      | Found an ornate altar of the Wu Jian Council.
  5306 | D:5      | Reached skill level 5 in Spellcasting
  5306 | D:5      | Reached XP level 8. HP: 32/57 MP: 16/19
  5377 | D:5      | Reached skill level 8 in Earth Magic
  5492 | D:5      | Learned a level 3 spell: Stone Arrow
  5498 | D:5      | Learned a level 5 spell: Lee's Rapid Deconstruction
  5503 | D:5      | Learned a level 4 spell: Petrify
  5734 | D:5      | Reached skill level 9 in Earth Magic
  5931 | D:5      | Got a distressingly furry plate armour
  5972 | D:5      | Found a runed translucent gate.
  6024 | D:5      | Noticed patan's ghost (novice TrFi)
  6027 | D:5      | Found a runed translucent gate.
  6028 | D:5      | Found a runed translucent gate.
  6102 | D:5      | Killed patan's ghost
  6102 | D:5      | Reached XP level 9. HP: 25/62 MP: 0/22
  6480 | D:6      | Reached skill level 10 in Earth Magic
  6521 | D:6      | Found a staircase to the Ecumenical Temple.
  6600 | D:6      | Found a hide-covered altar of Uskayaw.
  6992 | D:6      | Found an opulent altar of Gozag.
  7215 | D:7      | Identified the +10 plate armour "Sonluena" {Dex+7 Slay-2}
                  | (You found it on level 5 of the Dungeon)
  7496 | D:7      | Found a hazy altar of Hepliaklqana.
  7498 | D:7      | Found a shadowy altar of Dithmenos.
  8044 | D:8      | Noticed Erica
  8048 | D:8      | Killed Erica
  8048 | D:8      | Reached skill level 11 in Earth Magic
  8113 | D:8      | Reached XP level 10. HP: 58/69 MP: 9/25
  8248 | D:8      | Found Biruyt's Antique Weapon Emporium.
  8472 | D:8      | Found Hufy's Food Emporium.
  8531 | D:8      | Found Linu Mimio's Weapon Shoppe.
  8548 | D:8      | Bought 23 stones for 25 gold pieces
  8812 | D:9      | Noticed an orange crystal statue
  8814 | D:9      | Killed an orange crystal statue
  9210 | D:9      | Found a glowing golden altar of the Shining One.
  9234 | D:9      | Reached skill level 12 in Earth Magic
  9578 | D:9      | Found a staircase to the Orcish Mines.
  9948 | D:9      | Found a glowing silver altar of Zin.
  9948 | D:9      | Noticed an angel
 10289 | D:10     | Entered Level 10 of the Dungeon
 11077 | D:10     | Found a staircase to the Lair.
 11114 | D:10     | Reached skill level 13 in Earth Magic
 11296 | D:10     | Reached XP level 11. HP: 74/74 MP: 21/28
 11813 | D:10     | Got a faintly glowing leather armour
 12336 | D:11     | Noticed a two-headed ogre
 12344 | D:11     | Killed a two-headed ogre
 12500 | D:11     | Found a shattered altar of Ashenzari.
 12506 | D:11     | Saw a vision of the Shoals and the Snake Pit.
 12506 | D:11     | Noticed a sea snake
 12506 | D:11     | Noticed a naga warrior
 12506 | D:11     | Noticed an anaconda
 12507 | D:11     | Noticed a naga warrior
 12507 | D:11     | Noticed a naga sharpshooter
 12906 | D:12     | Identified the cursed +1 leather armour of Limited
                  | Liability {Dex+5} (You found it on level 10 of the Dungeon)
 13173 | D:12     | Noticed an ettin
 13184 | D:12     | Killed an ettin
 13184 | D:12     | Reached skill level 14 in Earth Magic
 13197 | D:12     | Killed an unseen horror
 13585 | D:12     | Got a jewelled dagger
 13590 | D:12     | Identified the +6 dagger of Circularity {vorpal, +Blink rF+
                  | Stlth+} (You found it on level 12 of the Dungeon)
 13854 | D:12     | Found an ancient bone altar of Kikubaaqudgha.
 13868 | D:12     | Learned a level 6 spell: Iron Shot
 14183 | D:12     | Got a crude robe
 14196 | D:12     | Identified the +1 robe of Plasticity {-Tele rCorr Str+8
                  | Dex-5 Stlth+} (You found it on level 12 of the Dungeon)
 14268 | D:12     | Reached skill level 10 in Spellcasting
 14375 | D:13     | Killed an unseen horror
 14388 | D:13     | Noticed a five-headed hydra
 14392 | D:13     | Killed a five-headed hydra
 14392 | D:13     | Reached XP level 12. HP: 50/81 MP: 1/30
 14423 | D:13     | Slain by a manticore

Illustrated notes

Levels and vault maps discovered:
D:1:      dpeg_arrival_houses_and_road, layout_basic, minmay_octomino_c4
D:2:      layout_basic, first_ration
D:3:      layout_rooms, cheibrodos_sewer_entry_drain, serial_curves,
          eino_curves_04, eino_curves_03, chequers_ecumenical_altar_simple
D:4:      layout_cave_pools, chequers_temple_overflow_minitemple, st_stairs_6,
          uniq_blork_the_orc
D:5:      minmay_opposing_rooms, layout_rooms, old_standard_altar,
          ebering_ghost_rock_garden
D:6:      layout_loops_ring, lemuel_round_altar,
          minmay_temple_entry_antechambers, basic_altar
D:7:      layout_cave_pools, riverfiend_overflow_shadow_ancestor
D:8:      layout_gridville, serial_shops, kennysheep_little_box, shop,
          nicolae_shop_crystal, uniq_erica
D:9:      layout_stronghold, tso_oasis_becter, zin_angel, orc_0_dummy,
          david_nohive_1, minivault_16, kb_lookout_dungeons_type
D:10:     minmay_weird_star, layout_basic, david_lair_shrubbed, special_room
          [special_room_orc], bh_circular_ruins
D:11:     layout_roguey, grunt_ashenzari_visionary
          [grunt_ashenzari_visionary_shoals, grunt_ashenzari_visionary_snake]
D:12:     layout_roguey, serial_corexii_hall, corexii_hall_statues_x,
          corexii_hall_statues_i, basic_altar,
          minmay_checkered_concentric_circles
D:13:     layout_irregular_city, enter_bailey_2, ebering_ghost_funeral_grove

Skill      XL: |  1  2  3  4  5  6  7  8  9 10 11 |
---------------+----------------------------------+-----
Earth Magic    | 3 4 5 6 7 9 11 13 14 | 14.8
Spellcasting   | 2 3 4 5 6 7 8 10 | 10.2
Dodging        | |  1.7
Stealth        | |  1.7
Transmutations | |  0.8

Action                   |  1- 3 |  4- 6 |  7- 9 | 10-12 || total
-------------------------+-------+-------+-------+-------++-------
Melee: Unarmed           |    29 |       |       |       ||    29
       Dagger            |    69 |       |       |       ||    69
       Halberd           |       |   170 |   207 |       ||   377
       Staff             |       |       |    23 |    77 ||   100
Throw: Stone             |       |       |       |     1 ||     1
 Cast: Sandblast         |    39 |    43 |    72 |    82 ||   236
       Lee's Rapid Decon |       |       |     9 |    46 ||    55
       Stone Arrow       |       |       |    19 |   106 ||   125
       Petrify           |       |       |       |     1 ||     1
Evoke: Wand              |       |       |       |    19 ||    19
  Use: Scroll            |       |       |     7 |     5 ||    12
       Potion            |       |       |       |     4 ||     4
 Stab: Sleeping          |     6 |     7 |     1 |       ||    14
       Paralysed         |       |       |       |     1 ||     1
  Eat: Chunk             |     4 |     9 |    10 |    16 ||    39
       Ration            |       |       |     1 |     3 ||     4
Armor: Robe              |    18 |    13 |       |       ||    31
       Troll leather arm |       |    56 |   128 |    60 ||   244
Dodge: Dodged            |    72 |   106 |   208 |   134 ||   520
Block: Other             |       |    47 |    67 |    47 ||   161
       Reflection        |       |       |       |     5 ||     5
